 Dungeon Crawl Stone Soup version 0.25.1-2-g60ff931df9 (webtiles) character file.

Game seed: 6855266365966105687

104 DogServant the Ruffian (level 4, 44/44 HPs)
             Began as a Troll Monk on Oct 19, 2020.
             Quit the game on level 3 of the Dungeon.
             The game lasted 00:02:27 (1902 turns).

DogServant the Ruffian (Troll Monk)                 Turns: 1902, Time: 00:02:28

Health: 44/44      AC:  6    Str: 20    XL:     4   Next: 52%
Magic:  3/3        EV: 10    Int:  6    God:
Gold:   69         SH:  0    Dex: 12    Spells: 3/3 levels left

rFire    . . .     SeeInvis .     - Unarmed
rCold    . . .     Gourm    +   (no shield)
rNeg     . . .     Faith    .   a - +0 robe
rPois    .         Spirit   .   (helmet restricted)
rElec    .         Reflect  .   (no cloak)
rCorr    .         Harm     .   (gloves unavailable)
MR       .....                  (boots unavailable)
Stlth    ++........             (no amulet)
HPRegen  0.54/turn              (no ring)
MPRegen  0.08/turn              (no ring)

@: no status effects
A: large, unfitting armour, claws 3, fast metabolism 3, gourmand, regeneration
1, shaggy fur 1, tough skin 3
a: no special abilities


You were on level 3 of the Dungeon.
You were completely stuffed.

You visited 1 branch of the dungeon, and saw 3 of its levels.

You collected 69 gold pieces.

Inventory:

Armour
 a - a +0 robe (worn)
Jewellery
 k - an uncursed ring of positive energy {unknown}
 p - an uncursed amulet of reflection {unknown}
Scrolls
 c - a scroll of amnesia {unknown}
 d - 2 scrolls of magic mapping {unknown}
 e - 2 scrolls of remove curse {unknown}
 g - 5 scrolls of identify {unknown}
 h - a scroll of teleportation {unknown}
 n - a scroll of immolation {unknown}
 q - 3 scrolls of random uselessness {unknown}
Potions
 f - a potion of curing
 i - 2 potions of brilliance {unknown}
 j - a potion of resistance {unknown}
 l - a potion of degeneration {unknown}
 o - a potion of haste {unknown}
Comestibles
 b - 6 rations
 m - 9 chunks of flesh


   Skills:
 - Level 2.4 Fighting
 - Level 2.4 Dodging
 - Level 1.0 Stealth
 + Level 5.3 Unarmed Combat


You had 3 spell levels left.
You didn't know any spells.
Your spell library was empty.

Dungeon Overview and Level Annotations

Branches:
Dungeon (3/15)

Altars:
Qazlal
Sif Muna


Innate Abilities, Weirdness & Mutations

You are too large for most types of armour.
You have claws for hands.
Your metabolism is lightning-fast.
You like to eat raw meat.
Your natural rate of healing is unusually fast.
You are covered in fur. (AC +1)
You have extremely tough skin. (AC +3)


Message History

This raw flesh tastes great.
You butcher the hobgoblin corpse.
m - 6 chunks of flesh (gained 3)
Things that are here:
a +0 club; a hobgoblin skeleton
Things that are here:
a +0 club; a hobgoblin skeleton You butcher the hobgoblin corpse.
m - 10 chunks of flesh (gained 4)
Things that are here:
a +0 club; a hobgoblin skeleton
Things that are here:
a +0 club; a hobgoblin skeleton
Found a stone staircase leading down.
Some of the chunks of flesh in your inventory have rotted away.
Things that are here:
a +0 club; a hobgoblin skeleton A frilled lizard comes into view.
A frilled lizard is nearby!
Are you sure you want to abandon this character and quit the game? (Confirm with "yes".)

.......# ...###.# l....
...# #.# #.#..# ...#
#.## #....# ...###..###
#.....
.....##...#######...#
..##>####...........##
.###......#######....#
## #####....###.@>.#
###.###.......# #####
#○...≈#..#.#..# ....
###.....####....# #..
#...._....##.#..## #.#
#.#.....#....#...###.#
#.#☼...☼#..###.......##
#.###.###.###...###...#
#.##...#)## #..####.#.#


You could see a frilled lizard (asleep).

Vanquished Creatures
  2 adders
  4 dart slugs
  A leopard gecko (D:1)
  9 orcs
  8 bats
  A giant cockroach (D:3)
  6 goblins
  11 hobgoblins
  9 kobolds
  4 quokkas
  A ball python (D:2)
  6 frilled lizards
  3 rats
65 creatures vanquished.

Notes
Turn   | Place    | Note
-------+----------+-------------------------------------------
     0 | D:1      | DogServant the Troll Monk began the quest for the Orb.
     0 | D:1      | Reached XP level 1. HP: 22/22 MP: 0/0
   103 | D:1      | Reached XP level 2. HP: 29/29 MP: 1/1
   438 | D:1      | Reached skill level 4 in Unarmed Combat
   720 | D:2      | Reached XP level 3. HP: 36/36 MP: 2/2
  1571 | D:3      | Reached skill level 5 in Unarmed Combat
  1571 | D:3      | Reached XP level 4. HP: 28/44 MP: 3/3
  1698 | D:3      | Found a shimmering blue altar of Sif Muna.
  1759 | D:3      | Found a stormy altar of Qazlal.
  1902 | D:3      | Quit the game

Illustrated notes

Levels and vault maps discovered:
D:1:      nzn_arrival_settlement, layout_loops_ring
D:2:      minmay_spotlight, layout_basic
D:3:      layout_rooms, marbit_many_paths, nicolae_gozag_seed_capital,
          minivault_23, chequers_serial_rivers_micro_d, grunt_qazlal_clouds,
          uniq_sigmund

Skill      XL: |  1  2  3 |
---------------+----------+-----
Unarmed Combat | 4 5 |  5.3
Fighting       | |  2.4
Dodging        | |  2.4
Stealth        | |  1.0

Action                   |  1- 3 |  4- 6 || total
-------------------------+-------+-------++-------
Melee: Unarmed           |   114 |    31 ||   145
       Punch             |     2 |       ||     2
  Use: Potion            |     1 |       ||     1
 Stab: Sleeping          |     3 |     1 ||     4
  Eat: Chunk             |    20 |     3 ||    23
Armor: Robe              |    60 |    10 ||    70
Dodge: Dodged            |    63 |    19 ||    82
